 Dungeon Crawl Stone Soup version 0.20.1-1-g8b1a95d (webtiles) character file.

9729 KrisztiCat the Basher (level 11, -5/99 HPs)
             Began as a Minotaur Berserker on Nov 12, 2017.
             Was a High Priest of Trog.
             Slain by Fingolfin's ghost (14 damage)
             ... on level 11 of the Dungeon.
             The game lasted 00:49:40 (8206 turns).

KrisztiCat the Basher (Minotaur Berserker)          Turns: 8206, Time: 00:49:41

Health: -5/99      AC: 17    Str: 23    XL:     11   Next: 26%
Magic:  10/10      EV: 11    Int:  6    God:    Trog [*****.]
Gold:   787        SH:  0    Dex: 10    Spells: 10/10 levels left

rFire    . . .     SeeInvis .   j - +0 mace (protect)
rCold    . . .     Gourm    .   (no shield)
rNeg     . . .     Faith    +   r - +1 chain mail {rPois}
rPois    +         Spirit   .   (helmet restricted)
rElec    .         Reflect  .   f - +0 cloak
rCorr    .         Harm     .   y - +2 pair of gloves
MR       ++...                  (no boots)
Stlth    ..........             H - amulet of faith
Regen    1.3/turn               (no ring)
MPRegen  0.2/turn               (no ring)

@: berserk cooldown, regenerating, hasted and slowed, drained
A: retaliatory headbutt, horns 2
a: Berserk, Trog's Hand, Brothers in Arms, Burn Spellbooks, Renounce Religion


You were on level 11 of the Dungeon.
You worshipped Trog.
Trog was extremely pleased with you.
You were not hungry.

You visited 2 branches of the dungeon, and saw 13 of its levels.
You also visited: Ossuary.

You collected 787 gold pieces.

Inventory:

Hand Weapons
 j - a +0 mace of protection (weapon)
 t - a +2 longbow of velocity
 w - a +2 vampiric whip
Armour
 f - a +0 cloak (worn)
 r - a +1 chain mail of poison resistance (worn)
 y - a +2 pair of gloves (worn)
Jewellery
 H - an amulet of faith (around neck)
Wands
 q - a wand of disintegration (14/24)
 D - a wand of random effects (29/48)
 E - a wand of polymorph (7/24)
 F - a wand of lightning (15/15)
 I - a wand of flame (20/48)
Scrolls
 g - 5 scrolls of remove curse
 k - 3 scrolls of enchant armour
 m - 2 scrolls of identify
 n - 6 scrolls of teleportation
 o - a scroll of enchant weapon {unknown}
 s - 2 scrolls of blinking {unknown}
 u - 2 scrolls of recharging
 G - 2 scrolls of magic mapping {unknown}
Potions
 b - a potion of flight
 e - a potion of curing
 h - a potion of lignification
 l - 2 potions of agility
 x - a potion of heal wounds {unknown}
 z - a potion of resistance {unknown}
 A - 2 potions of invisibility {unknown}
 B - 4 potions of mutation
 C - a potion of berserk rage {unknown}
Comestibles
 a - 6 meat rations
 c - 9 bread rations
 i - 6 royal jellies


   Skills:
 + Level 9.9(9.5) Fighting
 - Level 14.0(13.6) Maces & Flails
 + Level 9.7(9.4) Armour
 + Level 8.5(8.2) Dodging


You had 10 spell levels left.
You didn't know any spells.

Dungeon Overview and Level Annotations

Branches:
Dungeon (12/15)            Temple (1/1) D:7            Lair (0/6) D:10
    Orc (0/2) D:10

Altars:
Ashenzari
Cheibriados
Dithmenos
Elyvilon
Gozag
Hepliaklqana
Kikubaaqudgha
Makhleb
Nemelex Xobeh
Qazlal
Ru
Sif Muna
Uskayaw
Vehumet
Xom
Yredelemnul
Zin
The Shining One

Annotations:
D:11 Fingolfin's ghost, journeyman CeHu
D:12 Frances; sprush's ghost, journeyman TrHu


Innate Abilities, Weirdness & Mutations

You reflexively headbutt those who attack you in melee.
You have a pair of horns on your head.


Message History

You feel yourself slow down.
You start resting.
Fingolfin's ghost (journeyman Centaur Hunter) comes into view.
It is wielding a weapon of chaos.
You eat one of the 7 royal jellies.
That royal jelly was delicious!
Fingolfin's ghost turns its malevolent gaze towards you.
You feel yourself speed up.
Fingolfin's ghost says, "I was once a great warrior, and I still am!"
Your skin crawls.
You feel resistant to hostile enchantments.
You feel somewhat more hungry. Fingolfin's ghost hits you.
* * * LOW HITPOINT WARNING * * *
You feel drained.
* * * LOW HITPOINT WARNING * * *
Fingolfin's ghost hits you.
* * * LOW HITPOINT WARNING * * *
Okay, then.
As you read the scroll of fear, it crumbles to dust.
You assume a fearsome visage.
Fingolfin's ghost is unaffected.
Fingolfin's ghost hits you!
You die...

..# '.........)(# ..#
#.........(.# ..#
#.....#####.# ..#
#.....#...#.# ..#
#.....#...'.##+#### ..#
#.....#...#........
..#####.....#...#..#####.
............#####W.#
................@..#
......########.....#
......# #.....# .######
#.....# .# #....... #
#........ #.........
#####.....


You could see Fingolfin's ghost.

Vanquished Creatures
  A hydra (D:11)
  3 two-headed ogres
  Urug (D:11)
  A wolf spider zombie (D:11)
  A troll (D:10)
  A yak (D:9)
  Menkaure (D:7)
  6 ice beasts
  2 necrophages
  An orc warrior (D:6)
  A sky beast (D:6)
  An eye of draining (D:10)
  2 centaurs
  7 ogres
  2 big kobolds (D:7)
  14 bullfrogs
  3 elf zombies (Ossuary)
  2 scorpions
  A killer bee (D:8)
  11 wights
  3 howler monkeys (D:11)
  6 crimson imps
  4 centaur zombies (Ossuary)
  A bullfrog zombie (D:9)
  5 hounds
  3 jellies
  A bullfrog skeleton (D:10)
  7 orc priests
  11 orc wizards
  5 worker ants
  4 iguanas
  Natasha (thrice) (D:3)
  A killer bee zombie (D:10)
  A big kobold zombie (Ossuary)
  A hound zombie (Ossuary)
  A hound skeleton (D:4)
  4 mummies
  A worker ant zombie (D:11)
  12 adders
  8 gnolls
  2 shadow imps
  6 adder zombies (Ossuary)
  2 adder skeletons (D:6)
  A worm (D:2)
  3 dart slugs
  9 leopard geckos
  35 orcs
  A ball python (D:2)
  3 giant cockroaches
  9 goblins
  7 hobgoblins
  6 jackals (D:2)
  6 quokkas
  6 bats
  2 frilled lizards
  2 gnoll zombies (Ossuary)
  A goblin zombie (Ossuary)
  4 hobgoblin zombies (Ossuary)
  3 jackal zombies (Ossuary)
  16 kobolds
  A kobold zombie (Ossuary)
  2 orc zombies (Ossuary)
  A quokka skeleton (D:5)
  4 quokka zombies (Ossuary)
  9 rats
  4 rat zombies (Ossuary)
289 creatures vanquished.

Notes
Turn   | Place    | Note
-------+----------+-------------------------------------------
     0 | D:1      | KrisztiCat the Minotaur Berserker began the quest for the Orb.
     0 | D:1      | Reached XP level 1. HP: 19/19 MP: 0/0
    47 | D:1      | Reached skill level 4 in Maces & Flails
    65 | D:1      | Reached XP level 2. HP: 21/26 MP: 1/1
   407 | D:1      | Reached ** piety under Trog
   470 | D:1      | Reached skill level 5 in Maces & Flails
   612 | D:1      | Reached XP level 3. HP: 26/31 MP: 2/2
  1201 | D:2      | Reached XP level 4. HP: 29/39 MP: 3/3
  1337 | D:2      | Reached skill level 6 in Maces & Flails
  1662 | D:3      | Found a sacrificial altar of Ru.
  1696 | D:3      | Found a faded altar of an unknown god.
  1840 | D:3      | Noticed Natasha
  1847 | D:3      | Killed Natasha
  1847 | D:3      | Reached skill level 7 in Maces & Flails
  1847 | D:3      | Reached XP level 5. HP: 37/45 MP: 4/4
  1944 | D:3      | Noticed Natasha
  1954 | D:3      | Killed Natasha
  2108 | D:3      | Noticed an ogre
  2114 | D:3      | Reached *** piety under Trog
  2120 | D:3      | Killed an ogre
  2120 | D:3      | Reached skill level 8 in Maces & Flails
  2120 | D:3      | Reached XP level 6. HP: 32/51 MP: 5/5
  2130 | D:3      | Noticed Natasha
  2212 | D:3      | Killed Natasha
  2262 | D:5      | Entered Level 5 of the Dungeon
  2328 | D:4      | Reached skill level 9 in Maces & Flails
  2335 | D:4      | Reached XP level 7. HP: 57/57 MP: 6/6
  2489 | D:4      | Reached skill level 10 in Maces & Flails
  3008 | D:6      | Found a shadowy altar of Dithmenos.
  3054 | D:6      | Reached skill level 11 in Maces & Flails
  3144 | D:6      | Reached XP level 8. HP: 64/64 MP: 7/7
  3219 | D:6      | Reached skill level 12 in Maces & Flails
  3250 | D:6      | Reached **** piety under Trog
  3677 | D:6      | Found a sand-covered staircase.
  3686 | Ossuary  | Entered an ossuary
  3903 | Ossuary  | Reached skill level 13 in Maces & Flails
  4174 | D:6      | Reached XP level 9. HP: 59/70 MP: 8/8
  4428 | D:5      | Reached skill level 14 in Maces & Flails
  4465 | D:5      | Reached ***** piety under Trog
  5118 | D:7      | Reached skill level 5 in Fighting
  5183 | D:8      | Noticed a two-headed ogre
  5298 | D:7      | Noticed Menkaure
  5309 | D:7      | Killed Menkaure
  5309 | D:7      | Reached skill level 5 in Armour
  5519 | D:7      | Found a staircase to the Ecumenical Temple.
  5529 | Temple   | Entered the Ecumenical Temple
  6054 | D:8      | Killed a two-headed ogre
  6054 | D:8      | Reached skill level 5 in Dodging
  6054 | D:8      | Reached XP level 10. HP: 28/83 MP: 9/9
  6322 | D:8      | Found a white marble altar of Elyvilon.
  6322 | D:8      | Found a sparkling altar of Nemelex Xobeh.
  6412 | D:8      | Received a gift from Trog
  6420 | D:9      | Found a deep blue altar of Sif Muna.
  6420 | D:9      | Noticed a two-headed ogre
  6551 | D:9      | Killed a two-headed ogre
  6577 | D:10     | Entered Level 10 of the Dungeon
  6680 | D:9      | Noticed a two-headed ogre
  6696 | D:9      | Killed a two-headed ogre
  6870 | D:9      | Found a shimmering altar of Xom.
  6871 | D:9      | Found a burning altar of Makhleb.
  7042 | D:9      | Found a stormy altar of Qazlal.
  7169 | D:10     | Found a staircase to the Orcish Mines.
  7204 | D:10     | Found a staircase to the Lair.
  8039 | D:11     | Reached XP level 11. HP: 61/97 MP: 10/10
  8053 | D:11     | Noticed a four-headed hydra
  8065 | D:11     | Killed a four-headed hydra
  8094 | D:12     | Noticed Frances
  8095 | D:12     | Noticed sprush's ghost (journeyman TrHu)
  8162 | D:11     | Noticed Urug
  8177 | D:11     | HP: 3/145 [wolf spider zombie (8)]
  8181 | D:11     | Killed Urug
  8196 | D:11     | Noticed Fingolfin's ghost (journeyman CeHu)
  8206 | D:11     | Slain by Fingolfin's ghost

Skill      XL: |  1  2  3  4  5  6  7  8  9 10 11 |
---------------+----------------------------------+-----
Maces & Flails | 4 5 7 8 9 11 13 14 | 14.0
Fighting       | 6 9 |  9.9
Armour         | 6 9 |  9.7
Dodging        | 5 7 8 |  8.5

Action                   |  1- 3 |  4- 6 |  7- 9 | 10-12 || total
-------------------------+-------+-------+-------+-------++-------
Melee: Mace              |    77 |   104 |   363 |   293 ||   837
       Headbutt          |    10 |    17 |   100 |    60 ||   187
       Whip              |       |       |   146 |       ||   146
Invok: Berserk           |       |     2 |     5 |     5 ||    12
       Trog's Hand       |       |     2 |     5 |     1 ||     8
       Burn Spellbooks   |       |       |     5 |     1 ||     6
Evoke: Wand              |       |       |       |     5 ||     5
  Use: Scroll            |       |     3 |     8 |     9 ||    20
       Potion            |       |     2 |       |     2 ||     4
  Eat: Chunk             |     1 |     5 |    18 |    10 ||    34
       Fruit             |       |       |     2 |     1 ||     3
       Meat ration       |       |       |     1 |       ||     1
       Royal jelly       |       |       |       |     1 ||     1
Armor: Animal skin       |     5 |       |       |       ||     5
       Leather armour    |    15 |     7 |       |       ||    22
       Chain mail        |       |    34 |   195 |   145 ||   374
Dodge: Dodged            |    66 |    58 |   163 |   138 ||   425
